[Event "*** Titled Tuesday Blitz"]
[Site "Chess.com"]
[Date "2021.03.09"]
[Round "11"]
[White "ChrisTool2"]
[Black "LamaChampetre"]
[Result "1-0"]
[WhiteElo "2350"]
[BlackElo "2229"]
[TimeControl "180+1"]
[EndTime "12:07:40 PST"]
[Termination "ChrisTool2 won by resignation"]

1. e4 c5 2. Nf3 g6 3. d4 cxd4 4. Nxd4 Nc6 5. Nc3 Bg7 6. Be3 Nf6 7. Nxc6 bxc6 8. e5 Ng8 9. Bd4 f6 10. f4 Qa5 11. e6 d5 12. f5 Nh6 13. Bd3 c5 14. Bf2 d4 15. Qf3 dxc3 16. Qc6+ Kd8 17.
O-O-O Nxf5 18. Bxf5+ 1-0

[Event "*** Titled Tuesday Blitz"]
[Site "Chess.com"]
[Date "2021.03.09"]
[Round "11"]
[White "kleopl"]
[Black "enriquebutti"]
[Result "1-0"]
[WhiteElo "2470"]
[BlackElo "2237"]
[TimeControl "180+1"]
[EndTime "12:07:50 PST"]
[Termination "kleopl won by resignation"]

1. c4 e5 2. Nc3 Nc6 3. Nf3 g6 4. e3 Bg7 5. d4 d6 6. Be2 Nge7 7. O-O O-O 8. b3 h6 9. Bb2 f5 10. Rc1 e4 11. Nd2 g5 12. f3 exf3 13. Bxf3 Ng6 14.
Bh5 Nce7 15. Qc2 c6 16. d5 c5 17. Rce1 Be5 18. Nf3 Bg7 19. Kh1 g4 20. Nd2 Be5 21. Ne2 Bxb2 22. Qxb2 Ne5 23. Nf4 Rf6 24. e4 Qf8 25. g3 Qg7 26. exf5 Bxf5 27. Ne4 Bxe4+ 28. Rxe4 Qg5 29. Qe2 Raf8 30. Bxg4 Nxg4 31. Rxe7 R6f7 32. Qe6 1-0

[Event "*** Titled Tuesday Blitz"]
[Site "Chess.com"]
[Date "2021.03.09"]
[Round "11"]
[White "Etud-otradnoe"]
[Black "eguindy"]
[Result "1-0"]
[WhiteElo "2333"]
[BlackElo "2435"]
[TimeControl "180+1"]
[EndTime "12:07:56 PST"]
[Termination "Etud-otradnoe won by resignation"]

1. e4 e6 2. Nf3 d5 3. Nc3 a6 4. d4 dxe4 5. Nxe4 Nd7 6. Bd3 Ngf6 7. Nxf6+ gxf6 8. Bf4 Bd6 9. Qd2 b5 10. Be4 Rb8 11.
O-O-O Qe7 12. Rhe1 h5 13. Bc6 Bb7 14. Bxb7 Rxb7 15.
Nh4 Bxf4 16. Qxf4 Kd8 17. d5 e5 18. Qf3 Qc5 19. d6 c6 20. Nf5 b4 21. Ne7 Rb6 22.
h4 a5 23. b3 a4 24. Re4 axb3 25. axb3 Ra6 26. Rc4 Qa5 27. Nxc6+ Rxc6 28. Qxc6 1-0

[Event "*** Titled Tuesday Blitz"]
[Site "Chess.com"]
[Date "2021.03.09"]
[Round "11"]
[White "cukin84"]
[Black "gisela_roque"]
[Result "0-1"]
[WhiteElo "2096"]
[BlackElo "1773"]
[TimeControl "180+1"]
[EndTime "12:07:56 PST"]
[Termination "gisela_roque won by resignation"]

1. e4 e6 2. d4 d5 3. Nc3 Nf6 4.
e5 Nfd7 5. f4 c5 6. Nf3 Nc6 7.
Be3 cxd4 8. Nxd4 Bc5 9. Bb5 Bxd4 10. Bxd4 Nxd4 11. Qxd4 a6 12. Bd3 O-O 13. O-O Qb6 14.
Ne2 Qxd4+ 15. Nxd4 Nc5 16. Rad1 Bd7 17. b3 Rac8 18. a4 Nxd3 19. Rxd3 b5 20. axb5 axb5 21. Rf2 Rc5 22. g4 Rfc8 23. Kg2 b4 24. Kg3 Rc3 25. Rdf3 f6 26. exf6 gxf6 27. Re2 Kf7 28. Kf2 Ke7 29. h3 Kd6 30. Rfe3 Rxe3 31. Rxe3 e5 32. fxe5+ fxe5 33. Ne2 Rxc2 34. Rd3 Bb5 35. Rf3 Rxe2+ 0-1

[Event "*** Titled Tuesday Blitz"]
[Site "Chess.com"]
[Date "2021.03.09"]
[Round "11"]
[White "kingnb"]
[Black "NefeLV"]
[Result "1-0"]
[WhiteElo "2566"]
[BlackElo "1855"]
[TimeControl "180+1"]
[EndTime "12:07:59 PST"]
[Termination "kingnb won by resignation"]

1. d4 d5 2. Nf3 Nf6 3. e3 g6 4. Be2 Bg7 5. O-O O-O 6. b4 c6 7.
Nbd2 Nbd7 8. Bb2 Ne8 9. c4 f6 10. Rc1 e5 11. cxd5 cxd5 12. Qb3 Nc7 13. e4 exd4 14.
exd5 Kh8 15. d6 Ne8 16. Nxd4 Ne5 17. Ne4 Nxd6 18. Nc5 Qb6 19. Rfd1 Ndf7 20. a4 Bg4 21. a5 Qd8 22. Nde6 Qe7 23. Bxg4 Nxg4 24. Nxg7 Kxg7 25.
Ne6+ Kg8 26. Rc7 Qe8 27. Rdd7 Qxe6 28. Qxe6 Rae8 29. Rxf7 1-0

[Event "*** Titled Tuesday Blitz"]
[Site "Chess.com"]
[Date "2021.03.09"]
[Round "11"]
[White "kidagent"]
[Black "Mazanchenko_Dmitry"]
[Result "0-1"]
[WhiteElo "2309"]
[BlackElo "2180"]
[TimeControl "180+1"]
[EndTime "12:08:00 PST"]
[Termination "Mazanchenko_Dmitry won by resignation"]

1. e4 c5 2. Nf3 d6 3. d4 Nf6 4.
Nc3 cxd4 5. Nxd4 Nc6 6. Bg5 Qb6 7. Bxf6 gxf6 8. Nb3 e6 9. g3 a6 10. Bg2 Bd7 11.
O-O Be7 12. Re1 O-O 13. Qh5 Kh8 14. Rad1 Ne5 15. Re2 Rg8 16. Kh1 Rg5 17. Qh4 Nc4 18.
f4 Rg6 19. Rb1 Re8 20. f5 Rg5 21. Nd2 Ne5 22. b3 Rc8 23. Nd1 Rxc2 24. Nc4 Rxc4 25.
bxc4 Qxb1 26. Re1 Qb4 27. Rf1 Qxc4 28. Ne3 Qd3 0-1

[Event "*** Titled Tuesday Blitz"]
[Site "Chess.com"]
[Date "2021.03.09"]
[Round "11"]
[White "SantoBlue"]
[Black "Blazinq"]
[Result "1-0"]
[WhiteElo "2853"]
[BlackElo "2655"]
[TimeControl "180+1"]
[EndTime "12:08:02 PST"]
[Termination "SantoBlue won by resignation"]

1. e4 c5 2. Nf3 d6 3. d4 cxd4 4. Nxd4 Nf6 5. Nc3 a6 6. a3 e5 7.
Nf5 d5 8. Bg5 d4 9. Bxf6 gxf6 10. Nb1 Qb6 11. Nd2 Be6 12. Bc4 Qc6 13. Bd3 Nd7 14. O-O Rg8 15. g3 O-O-O 16. Rc1 Kb8 17. c3 dxc3 18. Rxc3 Qb6 19. b4 Bxf5 20. exf5 Qd4 21.
Qc2 Nb6 22. Nb3 Qd7 23. Be4 Rg4 24. Na5 Qa4 25. Qe2 h5 26. Bxb7 Qb5 27. Bxa6 Qxe2 28.
Bxe2 1-0

[Event "*** Titled Tuesday Blitz"]
[Site "Chess.com"]
[Date "2021.03.09"]
[Round "11"]
[White "FairChess_on_YouTube"]
[Black "bakki78"]
[Result "1-0"]
[WhiteElo "2973"]
[BlackElo "2788"]
[TimeControl "180+1"]
[EndTime "12:08:06 PST"]
[Termination "FairChess_on_YouTube won by resignation"]

1. Nc3 c5 2. Nf3 a6 3. d4 cxd4 4. Nxd4 b5 5. e4 Bb7 6. Bd3 g6 7. Be3 Bg7 8. Qd2 Nc6 9. Nxc6 Bxc6 10. O-O-O Qa5 11. Kb1 b4 12. Ne2 Nf6 13. f3 O-O 14. Bh6 Qc5 15. h4 a5 16. h5 a4 17. hxg6 fxg6 18. Bxg7 Kxg7 19. Qh6+ Kf7 20. g4 a3 21. g5 Qe5 22. Bc4+ d5 23. Nd4 dxc4 24. gxf6 Qxf6 25. Qxh7+ Ke8 26. e5 Qxe5 27. Qxg6+ 1-0

[Event "*** Titled Tuesday Blitz"]
[Site "Chess.com"]
[Date "2021.03.09"]
[Round "11"]
[White "konradrutkowski"]
[Black "Mr_Sinigami"]
[Result "0-1"]
[WhiteElo "2432"]
[BlackElo "2597"]
[TimeControl "180+1"]
[EndTime "12:08:07 PST"]
[Termination "Mr_Sinigami won by resignation"]

1. d4 Nf6 2. Nf3 g6 3. g3 Bg7 4. Bg2 O-O 5. O-O d6 6. Nc3 Nbd7 7. a4 a5 8. e4 e5 9. Re1 Re8 10. h3 c6 11. b3 exd4 12. Nxd4 Nc5 13. Bb2 Qb6 14.
Rb1 Bd7 15. Kh2 Rad8 16. f4 Bc8 17. Ba1 h5 18. Qd2 Rd7 19. f5 Rde7 20. fxg6 fxg6 21. Qg5 Kh7 22. Rbd1 Ncxe4 23. Nxe4 Nxe4 24. Bxe4 Rxe4 25. Rxe4 Rxe4 26. Rf1 Qc7 27. Qd2 Qd7 28. Qg2 Bxd4 0-1

[Event "*** Titled Tuesday Blitz"]
[Site "Chess.com"]
[Date "2021.03.09"]
[Round "11"]
[White "DFeco"]
[Black "KonstantinB_1983"]
[Result "0-1"]
[WhiteElo "2288"]
[BlackElo "2474"]
[TimeControl "180+1"]
[EndTime "12:08:08 PST"]
[Termination "KonstantinB_1983 won by resignation"]

1. c4 Nf6 2. g3 c6 3. Bg2 d5 4.
Nf3 dxc4 5. O-O b5 6. a4 Bb7 7. Qc2 Nbd7 8. Na3 a6 9. Nd4 Qb6 10. e3 e5 11. Nf5 Nc5 12. a5 Qd8 13. Rb1 g6 14. Nh4 Bg7 15. b4 Nd3 16. Nxc4 bxc4 17. Qxc4 O-O 18. Ba3 Rc8 19. Rb3 e4 20. Bxe4 Ne5 21.
Qc2 Nxe4 22. Qxe4 Qd7 23. d4 c5 24. Qb1 cxd4 25. exd4 Qd5 26. f3 Qxd4+ 27. Kg2 Nc4 28. Qd3 Qf6 29. Bc1 Rfd8 30. Qe2 g5 0-1

[Event "*** Titled Tuesday Blitz"]
[Site "Chess.com"]
[Date "2021.03.09"]
[Round "11"]
[White "Herman-NY"]
[Black "Ranindu2003"]
[Result "0-1"]
[WhiteElo "2453"]
[BlackElo "2613"]
[TimeControl "180+1"]
[EndTime "12:08:09 PST"]
[Termination "Ranindu2003 won by resignation"]

1. e4 g6 2. d4 Bg7 3. Nc3 d6 4. h3 a6 5. g4 b5 6. Bg2 Bb7 7. a3 Nd7 8. Nge2 c5 9. Be3 Qc7 10.
O-O Ngf6 11. Ng3 Nb6 12. b3 O-O 13. Nce2 Rac8 14. Rc1 Nfd7 15. Qd2 Rfd8 16. Bh6 Bh8 17. d5 c4 18. Kh2 Re8 19. f4 c3 20. Qe1 e6 21.
dxe6 fxe6 22. Qf2 Nf6 23. g5 Nfd7 24. f5 exf5 25. exf5 Ne5 26. fxg6 hxg6 27. Bxb7 Qxb7 28. Nf4 Bg7 29. Bxg7 Kxg7 30. Nfh5+ gxh5 31. Qf6+ Kg8 32. Nxh5 Qh7 33. Ng3 Ng4+ 0-1

[Event "*** Titled Tuesday Blitz"]
[Site "Chess.com"]
[Date "2021.03.09"]
[Round "11"]
[White "aquaticpineapples"]
[Black "Koalaskakistis"]
[Result "0-1"]
[WhiteElo "2226"]
[BlackElo "2506"]
[TimeControl "180+1"]
[EndTime "12:08:11 PST"]
[Termination "Koalaskakistis won by checkmate"]

1. d4 Nf6 2. Nf3 g6 3. Nbd2 Bg7 4. e4 d6 5. Bd3 O-O 6. O-O Nc6 7. c3 e5 8. a3 a5 9. h3 Nh5 10. dxe5 dxe5 11. Nc4 Nf4 12. Bxf4 exf4 13. a4 Be6 14. Qc2 Qe7 15. Rad1 Rad8 16. Rfe1 Qc5 17. Na3 g5 18. Nb5 Ne5 19. Nxe5 Bxe5 20. Rb1 h5 21. b4 axb4 22. cxb4 Qxc2 23. Bxc2 c6 24. Na3 Rd2 25. Bb3 Bd4 26. Rf1 g4 27. hxg4 hxg4 28. Nc4 Bxc4 29. Bxc4 g3 30.
Rfd1 Bxf2+ 31. Kf1 Rfd8 32. Rxd2 Rxd2 33. b5 Be3 34. Be2 Ra2 35. bxc6 bxc6 36. Bd1 Rf2+ 37. Ke1 Bd2# 0-1

[Event "*** Titled Tuesday Blitz"]
[Site "Chess.com"]
[Date "2021.03.09"]
[Round "11"]
[White "VitaliyBernadskiy"]
[Black "RD4ever"]
[Result "1-0"]
[WhiteElo "2807"]
[BlackElo "2908"]
[TimeControl "180+1"]
[EndTime "12:08:13 PST"]
[Termination "VitaliyBernadskiy won by resignation"]

1. d4 Nf6 2. c4 g6 3. Nc3 Bg7 4. e4 d6 5. h3 O-O 6. Be3 c5 7. Nf3 cxd4 8. Nxd4 b6 9. g3 Bb7 10. Bg2 Qd7 11. O-O Nc6 12. Rc1 Rac8 13. b3 Nxd4 14. Bxd4 Rfd8 15. Re1 e6 16. Qd3 Bc6 17. Rcd1 Qb7 18.
Qf3 e5 19. Be3 Nxe4 20. Nxe4 f5 21. Bg5 Bxe4 22. Rxe4 fxe4 23. Qg4 Rf8 24. Bxe4 Qc7 25. Qe6+ Qf7 26. Bd5 Qxe6 27. Bxe6+ Kh8 28. Bxc8 Rxc8 29. Rxd6 Kg8 30. Rd7 a5 31. Rd8+ 1-0

[Event "*** Titled Tuesday Blitz"]
[Site "Chess.com"]
[Date "2021.03.09"]
[Round "11"]
[White "shaheus"]
[Black "Natalya_Buksa"]
[Result "1-0"]
[WhiteElo "2403"]
[BlackElo "2511"]
[TimeControl "180+1"]
[EndTime "12:08:15 PST"]
[Termination "shaheus won by checkmate"]

1. e4 c5 2. Nf3 a6 3. c3 Nf6 4. e5 Nd5 5. d4 cxd4 6. cxd4 Nc6 7. Nc3 Nxc3 8. bxc3 d6 9. exd6 Qxd6 10. Bd3 e6 11. a4 Be7 12. Ba3 Qc7 13. Bxe7 Qxe7 14. Qe2 O-O 15. h4 h6 16. Qe4 f5 17. Qe2 Qd6 18. Rd1 Bd7 19. O-O Rae8 20. Rfe1 Na5 21. Ne5 Rc8 22. Rc1 Bxa4 23. Ng6 Rfe8 24. h5 b5 25. Bxf5 exf5 26. Qxe8+ Rxe8 27. Rxe8+ Kf7 28. Rce1 Nc6 29. d5 b4 30. R1e6 Nd8 31. Nh8# 1-0

[Event "*** Titled Tuesday Blitz"]
[Site "Chess.com"]
[Date "2021.03.09"]
[Round "11"]
[White "eCztery"]
[Black "stoleriu"]
[Result "0-1"]
[WhiteElo "2455"]
[BlackElo "2618"]
[TimeControl "180+1"]
[EndTime "12:08:16 PST"]
[Termination "stoleriu won by resignation"]

1. e4 e6 2. Qe2 d5 3. exd5 Qxd5 4.
Nc3 Qd8 5. Nf3 Nf6 6. d4 Be7 7. Bd2 O-O 8. O-O-O b6 9. g4 Bb7 10. Rg1 Nd5 11. Bg2 Nd7 12. Kb1 N7f6 13. g5 Nxc3+ 14. Bxc3 Nd5 15. Bd2 a5 16. h4 a4 17. Ne5 a3 18.
Be4 axb2 19. Bxh7+ Kxh7 20. Qh5+ Kg8 21. g6 fxg6 22.
Rxg6 Bf6 23. Rdg1 Qe8 24. Qh6 Qe7 25. c4 Nc3+ 26. Bxc3 Be4+ 27. Kxb2 Qa3+ 0-1

[Event "*** Titled Tuesday Blitz"]
[Site "Chess.com"]
[Date "2021.03.09"]
[Round "11"]
[White "Skat2704"]
[Black "Reader777"]
[Result "1-0"]
[WhiteElo "2629"]
[BlackElo "2787"]
[TimeControl "180+1"]
[EndTime "12:08:17 PST"]
[Termination "Skat2704 won by resignation"]

1. d4 Nf6 2. c4 e6 3. Nf3 Bb4+ 4. Bd2 a5 5. g3 O-O 6. Bg2 d5 7. O-O c6 8. Qc2 b6 9. Ne5 Bb7 10. Bxb4 axb4 11. Nd2 Nbd7 12. Nd3 Qe7 13. e4 dxe4 14. Nxe4 Nxe4 15. Bxe4 Nf6 16. Bg2 Rfd8 17. Ne5 Rxd4 18. Bxc6 Rc8 19. Bxb7 Qxb7 20. Rad1 Re4 21. Rfe1 Rxe1+ 22. Rxe1 h5 23. Qb3 h4 24. Qxb4 h3 25. f3 Nd7 26.
Qe7 Rc7 27. Qxf7+ Kh8 28. Ng6+ Kh7 29. Re4 1-0

[Event "*** Titled Tuesday Blitz"]
[Site "Chess.com"]
[Date "2021.03.09"]
[Round "11"]
[White "Fraler15"]
[Black "TooOldTooSlow70"]
[Result "0-1"]
[WhiteElo "2287"]
[BlackElo "2473"]
[TimeControl "180+1"]
[EndTime "12:08:20 PST"]
[Termination "TooOldTooSlow70 won by checkmate"]

1. e4 e5 2. Nf3 d6 3. d4 exd4 4. Nxd4 Nf6 5. Nc3 Be7 6. Be3 O-O 7. Be2 Re8 8. O-O Bf8 9. f4 Nxe4 10. Nxe4 Rxe4 11. Bf2 Rxf4 12. Bf3 Nc6 13. Nxc6 bxc6 14. Bxc6 Rb8 15. Bxa7 Rxf1+ 16. Qxf1 Rxb2 17. Bd5 Be6 18. Bxe6 fxe6 19. Qe2 Qf6 20. Rf1 Qg6 21. Qf3 Qe8 22. Qf2 Rxa2 23. Bd4 e5 24. Be3 Be7 25. Qf3 c6 26.
Bg5 d5 27. Bxe7 Qxe7 28. Qb3 Ra8 29. Qc3 Qd6 30. Qf3 Rf8 31. Qg4 Qc5+ 32. Rf2 Qxf2+ 33. Kh1 Qf1# 0-1

[Event "*** Titled Tuesday Blitz"]
[Site "Chess.com"]
[Date "2021.03.09"]
[Round "11"]
[White "Jospem"]
[Black "Goryachkina"]
[Result "1-0"]
[WhiteElo "2921"]
[BlackElo "2666"]
[TimeControl "180+1"]
[EndTime "12:08:21 PST"]
[Termination "Jospem won by resignation"]

1. e4 c6 2. Nf3 d5 3. d3 Qc7 4. Nc3 dxe4 5. dxe4 e5 6. Bc4 h6 7. O-O Nf6 8. Ne1 Bg4 9. f3 Bc5+ 10. Kh1 Bh5 11.
Nd3 Bd6 12. Qe1 O-O 13. Nd1 Nbd7 14. Ne3 Nb6 15. Bb3 c5 16. Nc4 Nxc4 17. Bxc4 b5 18. Bxb5 c4 19. Nf2 Rfb8 20. Ba4 Rb4 21. b3 Rb7 22.
Be3 a5 23. Rd1 Bb4 24. Qe2 Rc8 25. bxc4 Qxc4 26. Rd8+ Kh7 27. Qxc4 Rxc4 28. Bb3 Rcc7 29. Nd3 Bc3 30. a4 Nd7 31. h4 Bg6 32. Rd1 h5 33.
Nf2 Nf6 34. Nh3 Ng8 35. Ng5+ Kh8 36. Rxg8+ 1-0

[Event "*** Titled Tuesday Blitz"]
[Site "Chess.com"]
[Date "2021.03.09"]
[Round "11"]
[White "tlomigtlis"]
[Black "Leo_C"]
[Result "1-0"]
[WhiteElo "2585"]
[BlackElo "2435"]
[TimeControl "180+1"]
[EndTime "12:08:21 PST"]
[Termination "tlomigtlis won on time"]

1. d4 d5 2. c4 e6 3. Nc3 c6 4. e4 dxe4 5. Nxe4 Bb4+ 6. Bd2 Qxd4 7. Bxb4 Qxe4+ 8. Ne2 Na6 9. Bf8 Ne7 10. Bxg7 Nb4 11.
Qd6 Nd3+ 12. Kd2 Nf5 13. Qxd3 Qxd3+ 14. Kxd3 Nxg7 15. Kc3 e5 16. Ng3 Be6 17. Re1 f6 18. f4 exf4 19. Ne2 Kf7 20. Nxf4 Rad8 21. Be2 Bf5 22.
Rhf1 Bg6 23. Bg4 Rhe8 24. b3 h5 25. Bf3 Bf5 26. Nxh5 Rd3+ 27. Kb4 Rxe1 28. Rxe1 Rd2 29. Nxg7 Kxg7 30. Re7+ Kg6 31. Rxb7 Rxa2 32. Bxc6 a5+ 33. Kc5 Rb2 34. Bd5 Kg5 35. Ra7 Rxb3 36. Rxa5 Kf4 37.
Kd6 Rb2 38. c5 Rd2 39. Ra4+ Ke3 40. c6 Bg6 41. c7 Rc2 42. Rc4 Rxc4 43. Bxc4 Be4 44.
c8=Q Bxg2 45. Qe6+ 1-0

[Event "*** Titled Tuesday Blitz"]
[Site "Chess.com"]
[Date "2021.03.09"]
[Round "11"]
[White "BegmuratovKh2010"]
[Black "Trickov"]
[Result "1-0"]
[WhiteElo "2552"]
[BlackElo "2385"]
[TimeControl "180+1"]
[EndTime "12:08:23 PST"]
[Termination "BegmuratovKh2010 won on time"]

1. e4 c5 2. Nc3 Nc6 3. d3 g6 4. f4 Bg7 5. Nf3 e6 6. Be3 b6 7. d4 cxd4 8. Nxd4 Nge7 9. h4 h5 10. Be2 Bb7 11. Ncb5 d5 12. e5 O-O 13. Nd6 Rb8 14. g4 hxg4 15. h5 Nxd4 16. Bxd4 Nf5 17. Nxf5 gxf5 18. h6 Bxh6 19. Rxh6 Kg7 20. Rh1 Rh8 21.
Rg1 Rh2 22. Bf2 1-0

[Event "*** Titled Tuesday Blitz"]
[Site "Chess.com"]
[Date "2021.03.09"]
[Round "11"]
[White "erdni1993"]
[Black "tk22h"]
[Result "1/2-1/2"]
[WhiteElo "2525"]
[BlackElo "2372"]
[TimeControl "180+1"]
[EndTime "12:08:25 PST"]
[Termination "Game drawn by repetition"]

1. e4 e5 2. Nf3 Nc6 3. Bb5 a6 4. Ba4 Nf6 5. O-O Be7 6. Re1 b5 7. Bb3 d6 8. h3 Na5 9. c3 Nxb3 10. axb3 O-O 11. d4 exd4 12. Nxd4 Bd7 13. Nd2 c5 14. Nc2 Bc6 15. Qe2 Re8 16. Qd3 Bf8 17. f3 Qc7 18.
Nf1 d5 19. e5 Rxe5 20. Bf4 Bd6 21. Bxe5 Bxe5 22. Nce3 Bb7 23. Ng4 Nxg4 24. hxg4 Rd8 25. Qf5 Bd6 26. Rad1 g6 27. Qf6 Bf8 28. Qe5 Bd6 29.
Qg5 Bf8 30. Ne3 d4 31. cxd4 cxd4 32. Nf5 d3 33. Ne7+ Kg7 34. Nf5+ Kg8 35. Ne7+ Kg7 36. Nf5+ Kg8 1/2-1/2

[Event "*** Titled Tuesday Blitz"]
[Site "Chess.com"]
[Date "2021.03.09"]
[Round "11"]
[White "SanQui14"]
[Black "tgpgoat"]
[Result "1-0"]
[WhiteElo "2346"]
[BlackElo "2173"]
[TimeControl "180+1"]
[EndTime "12:08:26 PST"]
[Termination "SanQui14 won by resignation"]

1. d4 Nf6 2. Nf3 d5 3. g3 g6 4. Bg2 Bg7 5. O-O O-O 6. c4 c6 7. Nc3 dxc4 8. a4 Nbd7 9. Nd2 Re8 10.
Nxc4 Qc7 11. Bf4 Qd8 12. a5 Nh5 13. Bg5 h6 14. Be3 e5 15. dxe5 Nxe5 16. Nd6 Re6 17. Nxc8 Qxc8 18. Bh3 f5 19. Qb3 Kh7 20. Rfd1 Qe8 21.
Rd2 Nf6 22. Rad1 Nfg4 23. Bd4 Rd8 24. Bg2 Red6 25. Be3 Nxe3 26. Rxd6 Nxd1 27. Rxd1 Rxd1+ 28. Qxd1 Qd7 29. Qb3 Ng4 30. h3 Nf6 31. Qc4 Ne8 32.
a6 b6 33. Bxc6 Qe7 34. Nd5 Qe5 35. Bxe8 Qxe8 36. Qc7 Qe6 37. Nf4 Qe5 38. Qxa7 Qxb2 39. Ne6 Qb1+ 40. Kh2 Qa1 41. Qxg7+ Qxg7 42. Nxg7 1-0

[Event "*** Titled Tuesday Blitz"]
[Site "Chess.com"]
[Date "2021.03.09"]
[Round "11"]
[White "DenLaz"]
[Black "Shahaliyev"]
[Result "1-0"]
[WhiteElo "2828"]
[BlackElo "2642"]
[TimeControl "180+1"]
[EndTime "12:08:27 PST"]
[Termination "DenLaz won by resignation"]

1. d4 Nf6 2. c4 e6 3. Nf3 b6 4. a3 Bb7 5. Nc3 d5 6. Bg5 Be7 7. Bxf6 Bxf6 8. cxd5 exd5 9. Qa4+ c6 10. g3 O-O 11.
Rd1 Re8 12. Bg2 Ba6 13. Rd2 Bc4 14. O-O a5 15. Qc2 a4 16. Nxa4 Bxe2 17. Rxe2 Rxe2 18. Qxe2 Rxa4 19. Re1 g6 20. Qe8+ Kg7 21. Qxd8 Bxd8 22.
Re8 Bc7 23. Bh3 c5 24. Re7 Bd6 25. Rb7 cxd4 26. Rxb6 Bc7 27. Rb7 Na6 28. Bd7 Rc4 29.
Bb5 Rc1+ 30. Kg2 Nb8 31. Nxd4 Be5 32. Nf3 Bd6 33. a4 Nc6 34. Rb6 1-0

[Event "*** Titled Tuesday Blitz"]
[Site "Chess.com"]
[Date "2021.03.09"]
[Round "11"]
[White "Nozdrachev_Leonid"]
[Black "Ghost_Pepper"]
[Result "1-0"]
[WhiteElo "2520"]
[BlackElo "2384"]
[TimeControl "180+1"]
[EndTime "12:08:27 PST"]
[Termination "Nozdrachev_Leonid won by checkmate"]

1. e4 c5 2. c3 g6 3. d4 cxd4 4. cxd4 d5 5. e5 Nc6 6. Be3 Nh6 7. Nf3 Bg4 8. Bb5 Bxf3 9. Qxf3 Nf5 10. g4 Nxe3 11.
fxe3 e6 12. O-O Qd7 13. Nc3 Bg7 14. Rac1 O-O 15. g5 a6 16. Bxc6 Qxc6 17. h4 b5 18. h5 Rfc8 19. Qxf7+ Kh8 20. h6 Bf8 21. Qf6+ Kg8 22.
Nxd5 Qxc1 23. Qxe6+ Kh8 24. Qf6+ Kg8 25. Ne7+ Bxe7 26. Qg7# 1-0

[Event "*** Titled Tuesday Blitz"]
[Site "Chess.com"]
[Date "2021.03.09"]
[Round "11"]
[White "Chernov_Alexander_A"]
[Black "Tactictic"]
[Result "1-0"]
[WhiteElo "2290"]
[BlackElo "2402"]
[TimeControl "180+1"]
[EndTime "12:08:27 PST"]
[Termination "Chernov_Alexander_A won by checkmate"]

1. Nf3 d6 2. d4 Nf6 3. Nc3 g6 4. e4 Bg7 5. Bf4 O-O 6. Qd2 Nbd7 7. O-O-O c5 8. Bh6 cxd4 9. Nxd4 Qa5 10. f3 Nc5 11. Bxg7 Kxg7 12. h4 h5 13. Kb1 a6 14.
Be2 b5 15. g4 hxg4 16. h5 Nxh5 17. Rxh5 b4 18. Nd5 Rh8 19. Rxh8 Kxh8 20. Rh1+ Kg8 21.
Qh6 Qd8 22. Qh8# 1-0

[Event "*** Titled Tuesday Blitz"]
[Site "Chess.com"]
[Date "2021.03.09"]
[Round "11"]
[White "UmarovSabir"]
[Black "ValeriyGrinev"]
[Result "0-1"]
[WhiteElo "2301"]
[BlackElo "2548"]
[TimeControl "180+1"]
[EndTime "12:08:28 PST"]
[Termination "ValeriyGrinev won on time"]

1. e4 c5 2. Nf3 e6 3. d4 cxd4 4. Qxd4 Nc6 5. Qe3 Nf6 6. c4 Ng4 7. Qf4 f5 8. exf5 Qa5+ 9. Nc3 Qxf5 10. Qxf5 exf5 11. Nd5 Bb4+ 12. Bd2 Bxd2+ 13. Nxd2 O-O 14. Be2 Nd4 15. Bxg4 fxg4 16. O-O d6 17. Ne4 Bf5 18.
Nxd6 Bd3 19. Rfd1 Ne2+ 20. Kh1 Bg6 21. Ne7+ Kh8 22. Nxg6+ hxg6 23. Rf1 Rad8 24. Ne4 Rd4 25. Ng3 Nxg3+ 26. hxg3 Rxc4 27. f3 Rc2 28. fxg4 Rxf1+ 29. Rxf1 Rxb2 30. Rf8+ Kh7 31. a4 Rb4 32. Rf7 Rxg4 0-1

[Event "*** Titled Tuesday Blitz"]
[Site "Chess.com"]
[Date "2021.03.09"]
[Round "11"]
[White "pastouche06"]
[Black "Lestofante90"]
[Result "0-1"]
[WhiteElo "2557"]
[BlackElo "2720"]
[TimeControl "180+1"]
[EndTime "12:08:32 PST"]
[Termination "Lestofante90 won by resignation"]

1. d4 Nf6 2. c4 e6 3. Nc3 Bb4 4.
e3 O-O 5. Ne2 c6 6. a3 Ba5 7. c5 d5 8. cxd6 Qxd6 9. b4 Bc7 10.
g3 e5 11. Bg2 Re8 12. O-O e4 13. f3 exf3 14. Rxf3 Bg4 15. Rf2 Nbd7 16. Qd3 Rad8 17. Nf4 Nf8 18. Qf1 Bc8 19. Nfe2 Ng4 20. Rf3 f5 21.
Qe1 Ne6 22. h3 Nf6 23. Rxf5 Nxd4 24. Nxd4 Qxd4 25. Rc5 Bb6 26. exd4 Rxe1+ 27. Kf2 Rde8 28. Bd2 Rxa1 0-1

[Event "*** Titled Tuesday Blitz"]
[Site "Chess.com"]
[Date "2021.03.09"]
[Round "11"]
[White "Barbix1"]
[Black "Mikhail_Golubev"]
[Result "1-0"]
[WhiteElo "2451"]
[BlackElo "2550"]
[TimeControl "180+1"]
[EndTime "12:08:33 PST"]
[Termination "Barbix1 won by resignation"]

1. d4 Nf6 2. c4 g6 3. Nc3 Bg7 4.
e4 d6 5. Nf3 O-O 6. h3 Na6 7.
Be3 e5 8. d5 Nh5 9. g3 f5 10.
exf5 gxf5 11. Nh4 Nf6 12. Qc2 f4 13. Bd2 fxg3 14. fxg3 Nh5 15. Bd3 Nxg3 16. Bxh7+ Kh8 17. Ng6+ Kxh7 18. Nxf8+ Kg8 19. Rg1 Bf5 20. Ne6 Qh4 21. Bg5 Qh5 22. Qg2 Bxe6 23. Qxg3 Bxh3 24. Bf6 Bg4 25.
Qxg4 Qxg4 26. Rxg4 1-0

[Event "*** Titled Tuesday Blitz"]
[Site "Chess.com"]
[Date "2021.03.09"]
[Round "11"]
[White "PawnEatingZombie"]
[Black "WilliamSchill"]
[Result "1-0"]
[WhiteElo "2239"]
[BlackElo "2052"]
[TimeControl "180+1"]
[EndTime "12:08:36 PST"]
[Termination "PawnEatingZombie won by resignation"]

1. d4 Nf6 2. c4 g6 3. Nc3 Bg7 4. e4 d6 5. Be2 O-O 6. Be3 c6 7. g4 a6 8. h4 b5 9. a3 bxc4 10. h5 e5 11. dxe5 dxe5 12. Qxd8 Rxd8 13. h6 Bf8 14. f3 Be6 15. Nh3 Nbd7 16. Ng5 Nc5 17.
Nxe6 Nxe6 18. Bxc4 Bc5 19. Bxc5 Nxc5 20. Ke2 Rd4 21.
b3 Rad8 22. Rad1 Rxd1 23. Rxd1 Rxd1 24. Nxd1 a5 25. Ne3 Kf8 26. b4 axb4 27. axb4 Nb7 28. Ba6 Nd6 29. Kd3 Ke7 30. Nc4 Nxc4 31. Kxc4 Kd6 32.
Kd3 Ng8 33. g5 f6 34. Bc4 Ne7 35. gxf6 Nc8 36. Ke3 g5 37. Kf2 1-0

[Event "*** Titled Tuesday Blitz"]
[Site "Chess.com"]
[Date "2021.03.09"]
[Round "11"]
[White "GM_Huschenbeth"]
[Black "iturrizaga"]
[Result "1-0"]
[WhiteElo "2660"]
[BlackElo "2807"]
[TimeControl "180+1"]
[EndTime "12:08:40 PST"]
[Termination "GM_Huschenbeth won by resignation"]

1. e4 c5 2. Nf3 Nc6 3. d4 cxd4 4. Nxd4 g6 5. c4 Nf6 6. Nc3 d6 7. Be2 Nxd4 8. Qxd4 Bg7 9. Be3 O-O 10. Qd2 a5 11.
O-O a4 12. Bd4 Be6 13. f4 Qa5 14. Rad1 Qb4 15. a3 Qb3 16. Rc1 Bxc4 17. Bd1 Bxf1 18.
Bxb3 axb3 19. Kxf1 Rfc8 20. Bxf6 exf6 21. Nd5 Rc5 22.
Rxc5 dxc5 23. Qc3 f5 24. Qxb3 fxe4 25. Qxb7 Re8 26. Qd7 Rb8 27. Ne7+ Kh8 28. Nc6 Rf8 29. a4 Bxb2 30. a5 c4 31. Qd5 c3 32. Qxe4 Rc8 33.
Qe5+ Kg8 34. Ne7+ Kf8 35. Nxc8 c2 36. Qxb2 1-0